Arizona Coyotes vs Boston Bruins
Created - Wednesday, September 13, 2023 at 07:13
Goals
|
| Arizona Coyotes |
0 |
2 |
3 |
5 |
| Boston Bruins |
2 |
1 |
1 |
4 |
|
Shots
|
| Arizona Coyotes |
10 |
7 |
20 |
37 |
| Boston Bruins |
12 |
15 |
7 |
34 |
|
1st period
1. Boston Bruins , Brandon Hagel 4 (Pavel Zacha 7) at 0:06
2. Boston Bruins , Pavel Zacha 6 (Brandon Hagel 4, Sean Durzi 5) at 1:00
Penalties :
Dmitry Orlov (AZC) for Delaying the game (Minor) at 2:11
2nd period
3. Arizona Coyotes , Erik Haula 5 (Charlie Coyle 6, Radko Gudas 2) at 1:31
4. Arizona Coyotes , James van Riemsdyk 4 (Mason McTavish 9, Jani Hakanpaa 5) at 4:43
5. Boston Bruins , Mathieu Olivier 1 (Dylan Gambrell 1, Victor Mete 8) at 7:40
Penalties :
Tyson Barrie (BOS) for Cross-checking (Minor) at 8:18, Sean Durzi (BOS) for Holding (Minor) at 11:06, Ondrej Palat (AZC) for Hooking (Minor) at 14:27
3rd period
6. Arizona Coyotes , Claude Giroux 5 (Mats Zuccarello 10, Jani Hakanpaa 6) at 0:58
7. Arizona Coyotes , Erik Haula 6 (Dmitry Orlov 6, T.J. Oshie 6) at 4:04
8. Boston Bruins , Pavel Zacha 7 (Victor Mete 9, Brandon Hagel 5) at 11:45
9. Arizona Coyotes , Erik Haula 7 (Charlie Coyle 7, T.J. Oshie 7) at 13:29
Penalties :
Brandon Hagel (BOS) for Slashing (Minor) at 15:52, Mathieu Olivier (BOS) for Roughing (Double Minor) at 19:03
Goalie Stats
Carter Hart (AZC), 30 saves from 34 shots - (0.882), W, 8-4-1, 60:00 minutes
Pyotr Kochetkov (BOS), 32 saves from 37 shots - (0.865), L, 5-8-1, 60:00 minutes
Players Stats for Arizona Coyotes
Player Name G A P +/- PIM S H SB GA TA FO MP PP MP PK MP
------------------------------------------------------------------------------------
Brandon Tanev 0 0 0 0 0 0 1 0 1 0 0/0 9:07 0:03 1:53
Brayden McNabb 0 0 0 1 0 0 3 0 0 1 0/0 21:33 3:19 2:11
Brock McGinn 0 0 0 0 0 0 0 0 0 0 0/4 9:04 0:00 1:53
Charlie Coyle 0 2 2 3 0 1 0 0 0 0 7/18 18:50 2:37 2:05
Claude Giroux 1 0 1 -2 0 4 0 1 0 1 14/24 18:51 4:05 0:00
Dmitry Orlov 0 1 1 1 2 1 1 3 0 0 0/0 22:27 3:34 1:07
Erik Haula 3 0 3 3 0 4 0 0 0 0 0/2 16:43 2:37 0:00
James van Riemsdyk 1 0 1 0 0 6 1 0 0 0 0/0 13:25 0:23 0:00
Jani Hakanpaa 0 2 2 1 0 0 1 0 0 0 0/0 21:04 3:19 1:47
Jared Spurgeon 0 0 0 1 0 1 0 0 0 0 0/0 21:54 3:34 0:37
Logan Shaw 0 0 0 0 0 1 1 0 0 0 0/1 7:11 0:00 0:00
Mason McTavish 0 1 1 0 0 2 2 0 1 0 4/6 13:15 0:11 0:00
Mats Zuccarello 0 1 1 -2 0 6 2 0 1 0 1/2 18:46 4:01 0:00
Matt Dumba 0 0 0 -1 0 2 0 1 0 1 0/0 17:37 0:00 2:14
Ondrej Palat 0 0 0 0 2 2 4 0 1 1 0/0 13:02 0:00 0:00
Radko Gudas 0 1 1 -1 0 1 1 4 0 0 0/0 15:27 0:00 0:00
T.J. Oshie 0 2 2 3 0 5 4 0 0 0 1/1 16:43 2:37 0:00
Tyler Seguin 0 0 0 -2 0 1 1 2 0 0 1/2 21:01 4:05 2:05
Players Stats for Boston Bruins
Player Name G A P +/- PIM S H SB GA TA FO MP PP MP PK MP
------------------------------------------------------------------------------------
Anthony Beauvillier 0 0 0 -1 0 3 1 0 0 0 1/1 18:45 1:58 2:57
Austin Wagner 0 0 0 1 0 0 1 0 0 1 1/1 10:20 0:00 0:00
Brandon Hagel 1 2 3 1 2 3 1 1 0 0 1/1 18:22 1:55 2:42
Charlie McAvoy 0 0 0 -2 0 1 4 4 0 0 0/0 25:24 2:17 3:40
Dylan Gambrell 0 1 1 1 0 2 1 0 2 0 1/1 10:20 0:00 0:00
Joe Veleno 0 0 0 -2 0 2 2 0 0 0 3/9 12:17 0:00 1:05
Joel Farabee 0 0 0 -1 0 1 1 1 2 0 0/0 15:55 2:03 0:00
John-Jason Peterka 0 0 0 -2 0 1 1 0 0 0 1/1 11:18 0:05 0:00
Mathieu Olivier 1 0 1 1 4 2 1 0 0 0 0/0 10:19 0:00 0:00
Matt Grzelcyk 0 0 0 1 0 0 0 0 0 1 0/0 15:59 0:00 0:56
Nicholas Merkley 0 0 0 -2 0 2 2 0 0 0 0/0 11:18 0:05 0:00
Pavel Zacha 2 1 3 1 0 5 2 1 0 0 12/20 19:34 1:55 3:54
Phil Kessel 0 0 0 1 0 2 0 0 0 1 3/5 18:16 1:55 2:57
Ryan Donato 0 0 0 -1 0 2 2 0 0 0 9/21 16:00 1:58 0:11
Samuel Girard 0 0 0 0 0 1 0 0 0 0 0/0 20:35 1:41 3:13
Sean Durzi 0 1 1 0 2 1 3 1 0 0 0/0 18:28 1:41 1:48
Tyson Barrie 0 0 0 -2 2 5 2 3 0 1 0/0 24:27 2:17 2:44
Victor Mete 0 2 2 1 0 1 0 1 0 0 0/0 15:26 0:00 1:25
3 Stars
1 - Erik Haula (AZC)
2 - Pavel Zacha (BOS)
3 - T.J. Oshie (AZC)
Power Play
Arizona Coyotes - 0 on 5 Attempt(s) - 0.00%
Boston Bruins - 0 on 2 Attempt(s) - 0.00%
Penalty Kill
Arizona Coyotes - 2 on 2 Attempt(s) - 100.00%
- Score 0 goal in Penalty Kill
Boston Bruins - 5 on 5 Attempt(s) - 100.00%
- Score 0 goal in Penalty Kill
Team Stat
Arizona Coyotes - Hits : 22 - Faceoff Wins : 28 - Blocked Shots : 11 - Penalty Minutes : 4
Boston Bruins - Hits : 24 - Faceoff Wins : 32 - Blocked Shots : 12 - Penalty Minutes : 10
Official
Referees : Dave Lewis and Greg Kimmerly
Linesman : Lonnie Cameron and Ryan Gibbons
Game Notes
Erik Haula has scored a Hat Trick!
Finance
Level 1 -- Attendance: 4606 (76.77%) -- Ticket Income $460,600
Level 2 -- Attendance: 4038 (80.76%) -- Ticket Income $242,280
Level 3 -- Attendance: 2479 (82.63%) -- Ticket Income $86,765
Level 4 -- Attendance: 3947 (78.94%) -- Ticket Income $98,675
Luxury Box -- Attendance: 724 (72.40%) -- Ticket Income $144,800
Game was played at the TD Garden.
Total Attendance: 15794 (78.97%)
Total Ticket Income: $1,033,120
Other Income: $361,592
Total Income: $1,394,712
Arizona Coyotes
5 vs 5 Forward
Center Left Wing Right Wing Time % Phy DF OF
1 Claude Giroux Mats Zuccarello Tyler Seguin 35 1 2 2
2 Charlie Coyle Erik Haula T.J. Oshie 30 1 2 2
3 Mason McTavish James van Riemsdyk Ondrej Palat 25 0 2 3
4 Logan Shaw Brandon Tanev Brock McGinn 10 1 3 1
5 vs 5 Defense
Defense Defense Time % Phy DF OF
1 Dmitry Orlov Jared Spurgeon 38 1 2 2
2 Jani Hakanpaa Brayden McNabb 34 1 2 2
3 Radko Gudas Matt Dumba 28 1 2 2
4 Dmitry Orlov Jared Spurgeon 0 1 2 2
PowerPlay Forward
Center Left Wing Right Wing Time % Phy DF OF
1 Claude Giroux Mats Zuccarello Tyler Seguin 55 0 2 3
2 Charlie Coyle Erik Haula T.J. Oshie 45 0 2 3
PowerPlay Defense
Defense Defense Time % Phy DF OF
1 Dmitry Orlov Jared Spurgeon 55 0 2 3
2 Jani Hakanpaa Brayden McNabb 45 0 2 3
Penalty Kill 4 Players Forward
Center Wing Time % Phy DF OF
1 Brock McGinn Brandon Tanev 50 2 3 0
2 Tyler Seguin Charlie Coyle 50 1 2 2
Penalty Kill 4 Players Defense
Defense Defense Time % Phy DF OF
1 Dmitry Orlov Brayden McNabb 50 1 3 1
2 Jani Hakanpaa Matt Dumba 50 1 3 1
Penalty Kill - 3 Players Forward
Forward Time % Phy DF OF
1 Charlie Coyle 50 1 2 2
2 Erik Haula 50 1 2 2
Penalty Kill - 3 Players Defense
Defense Defense Time % Phy DF OF
1 Matt Dumba Radko Gudas 50 1 2 2
2 Jani Hakanpaa Brayden McNabb 50 1 2 2
4 vs 4 Forward
Center Wing Time % Phy DF OF
1 Claude Giroux Mats Zuccarello 50 0 2 3
2 Tyler Seguin Charlie Coyle 50 0 2 3
4 vs 4 Defense
Defense Defense Time % Phy DF OF
1 Dmitry Orlov Brayden McNabb 50 0 2 3
2 Jani Hakanpaa Matt Dumba 50 1 2 2
Last Minutes Offensive
Center Left Wing Right Wing Defense Defense
Claude Giroux Mats Zuccarello Tyler Seguin Dmitry Orlov Jared Spurgeon
Last Minutes Defensive
Center Left Wing Right Wing Defense Defense
Claude Giroux Mats Zuccarello Tyler Seguin Dmitry Orlov Jared Spurgeon
Goaltenders
Starting : Carter Hart
Backup : Kaapo Kahkonen
Extra Forwards
Normal : James van Riemsdyk, Mason McTavish, Ondrej Palat - PP : James van Riemsdyk, Mason McTavish - PK : Ondrej Palat
Extra Defensemen
Normal : Radko Gudas, Matt Dumba, Jani Hakanpaa - PP : Radko Gudas - PK : Matt Dumba, Jani Hakanpaa
Penalty Shots
Claude Giroux, Mats Zuccarello, Tyler Seguin, Charlie Coyle, Erik Haula
Boston Bruins
5 vs 5 Forward
Center Left Wing Right Wing Time % Phy DF OF
1 Pavel Zacha Brandon Hagel Phil Kessel 30 1 2 2
2 Ryan Donato Anthony Beauvillier Joel Farabee 30 1 2 2
3 Joe Veleno John-Jason Peterka Nicholas Merkley 25 1 2 2
4 Dylan Gambrell Austin Wagner Mathieu Olivier 15 1 2 2
5 vs 5 Defense
Defense Defense Time % Phy DF OF
1 Charlie McAvoy Tyson Barrie 30 1 2 2
2 Sean Durzi Samuel Girard 30 1 2 2
3 Matt Grzelcyk Victor Mete 25 1 2 2
4 Charlie McAvoy Tyson Barrie 15 1 2 2
PowerPlay Forward
Center Left Wing Right Wing Time % Phy DF OF
1 Pavel Zacha Brandon Hagel Phil Kessel 50 1 2 2
2 Ryan Donato Anthony Beauvillier Joel Farabee 50 1 2 2
PowerPlay Defense
Defense Defense Time % Phy DF OF
1 Charlie McAvoy Tyson Barrie 50 1 2 2
2 Sean Durzi Samuel Girard 50 1 2 2
Penalty Kill 4 Players Forward
Center Wing Time % Phy DF OF
1 Brandon Hagel Pavel Zacha 50 1 2 2
2 Phil Kessel Anthony Beauvillier 50 1 2 2
Penalty Kill 4 Players Defense
Defense Defense Time % Phy DF OF
1 Charlie McAvoy Tyson Barrie 50 1 2 2
2 Sean Durzi Samuel Girard 50 1 2 2
Penalty Kill - 3 Players Forward
Forward Time % Phy DF OF
1 Brandon Hagel 50 1 2 2
2 Pavel Zacha 50 1 2 2
Penalty Kill - 3 Players Defense
Defense Defense Time % Phy DF OF
1 Charlie McAvoy Tyson Barrie 50 1 2 2
2 Sean Durzi Samuel Girard 50 1 2 2
4 vs 4 Forward
Center Wing Time % Phy DF OF
1 Brandon Hagel Pavel Zacha 50 1 2 2
2 Phil Kessel Anthony Beauvillier 50 1 2 2
4 vs 4 Defense
Defense Defense Time % Phy DF OF
1 Charlie McAvoy Tyson Barrie 50 1 2 2
2 Sean Durzi Samuel Girard 50 1 2 2
Last Minutes Offensive
Center Left Wing Right Wing Defense Defense
Pavel Zacha Brandon Hagel Phil Kessel Charlie McAvoy Tyson Barrie
Last Minutes Defensive
Center Left Wing Right Wing Defense Defense
Pavel Zacha Brandon Hagel Phil Kessel Charlie McAvoy Tyson Barrie
Goaltenders
Starting : Pyotr Kochetkov
Backup : Kyle Keyser
Extra Forwards
Normal : John-Jason Peterka, Nicholas Merkley, Joe Veleno - PP : John-Jason Peterka, Nicholas Merkley - PK : Joe Veleno
Extra Defensemen
Normal : Matt Grzelcyk, Victor Mete, Sean Durzi - PP : Matt Grzelcyk - PK : Victor Mete, Sean Durzi
Penalty Shots
Brandon Hagel, Pavel Zacha, Phil Kessel, Anthony Beauvillier, Joel Farabee
% Time on Ice - Arizona Coyotes
Lines # - Real PCT - Wanted PCT - Time Play
Normal Forward
1 - 30% - 35% - 14:34
2 - 30% - 30% - 14:34
3 - 26% - 25% - 12:38
4 - 15% - 10% - 7:11
Normal Defense
1 - 37% - 38% - 18:18
2 - 33% - 34% - 15:58
3 - 30% - 28% - 14:41
4 - 0% - 0% - 0:00
PP Forward
1 - 62% - 55% - 4:16
2 - 38% - 45% - 2:37
PP Defense
1 - 52% - 55% - 3:34
2 - 48% - 45% - 3:19
PK Forward
1 - 47% - 50% - 1:53
2 - 53% - 50% - 2:05
PK Defense
1 - 55% - 50% - 2:11
2 - 45% - 50% - 1:47
PK3 Forward
1 - 0% - 50%
2 - 0% - 50%
PK3 Defense
1 - 0% - 50%
2 - 0% - 50%
44 Forward
1 - 0% - 50%
2 - 0% - 50%
44 Defense
1 - 0% - 50%
2 - 0% - 50%
Last Minute Offensive - 0:00
Last Minute Defensive - 0:12
Total
Forward - 60:00
Defense - 60:00
|
% Time on Ice - Boston Bruins
Lines # - Real PCT - Wanted PCT - Time Play
Normal Forward
1 - 28% - 30% - 13:46
2 - 28% - 30% - 13:52
3 - 23% - 25% - 11:11
4 - 21% - 15% - 10:20
Normal Defense
1 - 28% - 30% - 13:34
2 - 32% - 30% - 15:41
3 - 29% - 25% - 14:01
4 - 12% - 15% - 5:53
PP Forward
1 - 48% - 50% - 1:55
2 - 52% - 50% - 2:03
PP Defense
1 - 58% - 50% - 2:17
2 - 42% - 50% - 1:41
PK Forward
1 - 57% - 50% - 3:56
2 - 43% - 50% - 2:57
PK Defense
1 - 53% - 50% - 3:40
2 - 47% - 50% - 3:13
PK3 Forward
1 - 0% - 50%
2 - 0% - 50%
PK3 Defense
1 - 0% - 50%
2 - 0% - 50%
44 Forward
1 - 0% - 50%
2 - 0% - 50%
44 Defense
1 - 0% - 50%
2 - 0% - 50%
Last Minute Offensive - 0:00
Last Minute Defensive - 0:00
Total
Forward - 60:00
Defense - 60:00
|
Play-by-Play
1st period
0:01 of 1st period - Pavel Zacha wins face-off versus Claude Giroux in neutral zone.
0:06 of 1st period - Backhand shot by Brandon Hagel.
0:06 of 1st period - Goal by Brandon Hagel - Arizona Coyotes : 0 - Boston Bruins : 1.
0:07 of 1st period - Ryan Donato wins face-off versus Charlie Coyle in neutral zone.
0:40 of 1st period - Samuel Girard is hit by Ondrej Palat.
0:46 of 1st period - Wrist shot by Nicholas Merkley.
0:46 of 1st period - Shot Misses the Net.
0:58 of 1st period - Snap shot by Pavel Zacha.
0:58 of 1st period - Shot Misses the Net.
1:00 of 1st period - Wrist shot by Pavel Zacha.
1:00 of 1st period - Goal by Pavel Zacha - Arizona Coyotes : 0 - Boston Bruins : 2.
1:01 of 1st period - Dylan Gambrell wins face-off versus Logan Shaw in neutral zone.
1:12 of 1st period - Snap shot by Dylan Gambrell.
1:12 of 1st period - Stopped by Carter Hart without a rebound.
1:13 of 1st period - Pavel Zacha wins face-off versus Claude Giroux in Arizona Coyotes zone.
1:14 of 1st period - Snap shot by Brandon Hagel.
1:14 of 1st period - Shot Misses the Net.
1:16 of 1st period - Wrist shot by Phil Kessel.
1:16 of 1st period - Stopped by Carter Hart with a rebound.
1:18 of 1st period - Snap shot by Pavel Zacha.
1:18 of 1st period - Shot Blocked by Tyler Seguin.
1:22 of 1st period - Wrist shot by Pavel Zacha.
1:22 of 1st period - Shot Misses the Net.
1:24 of 1st period - Slapshot by Charlie McAvoy.
1:24 of 1st period - Shot Blocked by Matt Dumba.
1:26 of 1st period - Snap shot by Pavel Zacha.
1:26 of 1st period - Stopped by Carter Hart with a rebound.
1:38 of 1st period - Radko Gudas is hit by Charlie McAvoy and loses puck.
2:09 of 1st period - Slapshot by John-Jason Peterka.
2:09 of 1st period - Shot Misses the Net.
2:11 of 1st period - Minor Penalty to Dmitry Orlov for Delaying the game.
2:12 of 1st period - Pavel Zacha wins face-off versus Brock McGinn in Arizona Coyotes zone.
2:37 of 1st period - Brayden McNabb is hit by Joel Farabee and loses puck.
4:11 of 1st period - Penalty to Dmitry Orlov is over, Dmitry Orlov is back on ice.
4:40 of 1st period - Brandon Tanev is hit by Nicholas Merkley and loses puck.
6:02 of 1st period - Nicholas Merkley is hit by Tyler Seguin and loses puck.
6:45 of 1st period - Matt Grzelcyk is hit by Brandon Tanev.
7:10 of 1st period - Anthony Beauvillier is hit by James van Riemsdyk and loses puck.
7:21 of 1st period - Wrist shot by John-Jason Peterka.
7:21 of 1st period - Deflect By Nicholas Merkley.
7:21 of 1st period - Shot Blocked by Radko Gudas.
7:21 of 1st period - Puck is out of play.
7:22 of 1st period - Claude Giroux wins face-off versus Joe Veleno in Arizona Coyotes zone.
7:22 of 1st period - Claude Giroux is hit by Joe Veleno.
7:33 of 1st period - Nicholas Merkley is hit by Radko Gudas and loses puck.
7:52 of 1st period - Wrist shot by Brock McGinn.
7:52 of 1st period - Shot Misses the Net.
7:58 of 1st period - Radko Gudas is hit by Sean Durzi and loses puck.
8:09 of 1st period - Wrist shot by Charlie Coyle.
8:09 of 1st period - Stopped by Pyotr Kochetkov without a rebound.
8:10 of 1st period - Ryan Donato wins face-off versus Charlie Coyle in Boston Bruins zone.
8:19 of 1st period - Anthony Beauvillier is hit by T.J. Oshie and loses puck.
8:33 of 1st period - Icing by Ryan Donato.
8:34 of 1st period - Claude Giroux wins face-off versus Ryan Donato in Boston Bruins zone.
9:33 of 1st period - Slapshot by Ondrej Palat.
9:33 of 1st period - Stopped by Pyotr Kochetkov with a rebound.
9:43 of 1st period - Dmitry Orlov is hit by Dylan Gambrell and loses puck.
10:05 of 1st period - Snap shot by Phil Kessel.
10:05 of 1st period - Shot Misses the Net.
10:21 of 1st period - Icing by Samuel Girard.
10:22 of 1st period - Ryan Donato wins face-off versus Charlie Coyle in Boston Bruins zone.
10:34 of 1st period - Snap shot by Anthony Beauvillier.
10:34 of 1st period - Stopped by Carter Hart without a rebound.
10:35 of 1st period - Claude Giroux wins face-off versus Pavel Zacha in Arizona Coyotes zone.
10:35 of 1st period - Claude Giroux is hit by Pavel Zacha.
10:44 of 1st period - Off-side.
10:45 of 1st period - Pavel Zacha wins face-off versus Claude Giroux in neutral zone.
11:28 of 1st period - Snap shot by Brandon Hagel.
11:28 of 1st period - Stopped by Carter Hart without a rebound.
11:29 of 1st period - Mason McTavish wins face-off versus Ryan Donato in Arizona Coyotes zone.
12:23 of 1st period - Wrist shot by T.J. Oshie.
12:23 of 1st period - Stopped by Pyotr Kochetkov without a rebound.
12:24 of 1st period - Phil Kessel wins face-off versus Charlie Coyle in Boston Bruins zone.
12:43 of 1st period - Wrist shot by Charlie Coyle.
12:43 of 1st period - Shot Blocked by Charlie McAvoy.
12:45 of 1st period - Snap shot by Erik Haula.
12:45 of 1st period - Shot Misses the Net.
12:47 of 1st period - Slapshot by Erik Haula.
12:47 of 1st period - Stopped by Pyotr Kochetkov with a rebound.
12:49 of 1st period - Wrist shot by Charlie Coyle.
12:49 of 1st period - Shot Misses the Net.
12:51 of 1st period - Slapshot by Radko Gudas.
12:51 of 1st period - Shot Misses the Net.
12:55 of 1st period - Snap shot by Charlie Coyle.
12:55 of 1st period - Shot Misses the Net.
12:57 of 1st period - Slapshot by Radko Gudas.
12:57 of 1st period - Stopped by Pyotr Kochetkov without a rebound.
12:58 of 1st period - Claude Giroux wins face-off versus Ryan Donato in Boston Bruins zone.
13:25 of 1st period - Sean Durzi is hit by Brayden McNabb and loses puck.
13:30 of 1st period - Wrist shot by Mason McTavish.
13:30 of 1st period - Shot Misses the Net.
13:46 of 1st period - Slapshot by Samuel Girard.
13:46 of 1st period - Stopped by Carter Hart with a rebound.
13:48 of 1st period - Snap shot by Dylan Gambrell.
13:48 of 1st period - Shot Blocked by Dmitry Orlov.
13:50 of 1st period - Wrist shot by Mathieu Olivier.
13:50 of 1st period - Shot Misses the Net.
13:52 of 1st period - Slapshot by Sean Durzi.
13:52 of 1st period - Stopped by Carter Hart with a rebound.
14:12 of 1st period - Slapshot by Charlie Coyle.
14:12 of 1st period - Deflect By Charlie McAvoy.
14:12 of 1st period - Shot Blocked by Brandon Hagel.
14:12 of 1st period - Puck is out of play.
14:13 of 1st period - Charlie Coyle wins face-off versus Ryan Donato in Boston Bruins zone.
14:16 of 1st period - Wrist shot by T.J. Oshie.
14:16 of 1st period - Deflect By Charlie McAvoy.
14:16 of 1st period - Stopped by Pyotr Kochetkov with a rebound.
14:18 of 1st period - Slapshot by Matt Dumba.
14:18 of 1st period - Deflect By Charlie McAvoy.
14:18 of 1st period - Stopped by Pyotr Kochetkov without a rebound.
14:19 of 1st period - Claude Giroux wins face-off versus Ryan Donato in Boston Bruins zone.
14:20 of 1st period - Slapshot by Mats Zuccarello.
14:20 of 1st period - Stopped by Pyotr Kochetkov with a rebound.
14:36 of 1st period - Snap shot by Claude Giroux.
14:36 of 1st period - Shot Misses the Net.
14:45 of 1st period - Off-side.
14:46 of 1st period - Mason McTavish wins face-off versus Joe Veleno in neutral zone.
14:57 of 1st period - Off-side.
14:58 of 1st period - Pavel Zacha wins face-off versus Mats Zuccarello in neutral zone.
15:03 of 1st period - Wrist shot by Phil Kessel.
15:03 of 1st period - Stopped by Carter Hart with a rebound.
15:07 of 1st period - Wrist shot by Brandon Hagel.
15:07 of 1st period - Deflect By Phil Kessel.
15:07 of 1st period - Shot Misses the Net.
15:07 of 1st period - Puck is out of play.
15:08 of 1st period - Pavel Zacha wins face-off versus Claude Giroux in Arizona Coyotes zone.
15:25 of 1st period - Tyler Seguin is hit by Tyson Barrie and loses puck.
16:09 of 1st period - Slapshot by Brandon Hagel.
16:09 of 1st period - Shot Blocked by Claude Giroux.
16:11 of 1st period - Slapshot by Charlie McAvoy.
16:11 of 1st period - Shot Misses the Net.
16:13 of 1st period - Slapshot by Tyson Barrie.
16:13 of 1st period - Stopped by Carter Hart with a rebound.
16:23 of 1st period - Wrist shot by Pavel Zacha.
16:23 of 1st period - Deflect By Phil Kessel.
16:23 of 1st period - Shot Blocked by Tyler Seguin.
16:23 of 1st period - Puck is out of play.
16:24 of 1st period - T.J. Oshie wins face-off versus Ryan Donato in Arizona Coyotes zone.
16:49 of 1st period - Matt Grzelcyk is hit by Ondrej Palat and loses puck.
16:58 of 1st period - Wrist shot by Mason McTavish.
16:58 of 1st period - Stopped by Pyotr Kochetkov with a rebound.
17:00 of 1st period - Slapshot by Mason McTavish.
17:00 of 1st period - Shot Misses the Net.
18:01 of 1st period - Charlie Coyle is hit by Ryan Donato and loses puck.
18:14 of 1st period - Wrist shot by James van Riemsdyk.
18:14 of 1st period - Shot Blocked by Sean Durzi.
18:24 of 1st period - Wrist shot by James van Riemsdyk.
18:24 of 1st period - Stopped by Pyotr Kochetkov without a rebound.
18:25 of 1st period - Joe Veleno wins face-off versus Claude Giroux in Boston Bruins zone.
19:54 of 1st period - Wrist shot by Nicholas Merkley.
19:54 of 1st period - Stopped by Carter Hart with a rebound.
19:56 of 1st period - Slapshot by Victor Mete.
19:56 of 1st period - Shot Misses the Net.
19:58 of 1st period - Snap shot by Matt Grzelcyk.
19:58 of 1st period - Shot Blocked by Dmitry Orlov.
Goals for this period are 0 for Arizona Coyotes vs 2 for Boston Bruins.
Shots for this period are 10 for Arizona Coyotes vs 12 for Boston Bruins.
2nd period
0:01 of 2nd period - Mason McTavish wins face-off versus Ryan Donato in neutral zone.
0:39 of 2nd period - Slapshot by Ryan Donato.
0:39 of 2nd period - Stopped by Carter Hart without a rebound.
0:40 of 2nd period - Joe Veleno wins face-off versus Erik Haula in Arizona Coyotes zone.
0:41 of 2nd period - Backhand shot by Tyson Barrie.
0:41 of 2nd period - Stopped by Carter Hart without a rebound.
0:42 of 2nd period - Charlie Coyle wins face-off versus Joe Veleno in Arizona Coyotes zone.
0:42 of 2nd period - Charlie Coyle is hit by John-Jason Peterka.
0:59 of 2nd period - Icing by T.J. Oshie.
1:00 of 2nd period - Charlie Coyle wins face-off versus Pavel Zacha in Arizona Coyotes zone.
1:21 of 2nd period - Wrist shot by T.J. Oshie.
1:21 of 2nd period - Shot Misses the Net.
1:23 of 2nd period - Slapshot by Matt Dumba.
1:23 of 2nd period - Shot Misses the Net.
1:25 of 2nd period - Slapshot by Matt Dumba.
1:25 of 2nd period - Stopped by Pyotr Kochetkov with a rebound.
1:31 of 2nd period - Wrist shot by Erik Haula.
1:31 of 2nd period - Goal by Erik Haula - Arizona Coyotes : 1 - Boston Bruins : 2.
1:32 of 2nd period - Claude Giroux wins face-off versus Joe Veleno in neutral zone.
1:37 of 2nd period - Slapshot by Tyler Seguin.
1:37 of 2nd period - Shot Blocked by Tyson Barrie.
1:43 of 2nd period - Dmitry Orlov is hit by Nicholas Merkley and loses puck.
2:11 of 2nd period - Snap shot by James van Riemsdyk.
2:11 of 2nd period - Stopped by Pyotr Kochetkov without a rebound.
2:12 of 2nd period - Pavel Zacha wins face-off versus Erik Haula in Boston Bruins zone.
2:27 of 2nd period - Snap shot by Brandon Hagel.
2:27 of 2nd period - Stopped by Carter Hart with a rebound.
2:39 of 2nd period - Joel Farabee is hit by Mats Zuccarello and loses puck.
2:48 of 2nd period - Slapshot by Tyson Barrie.
2:48 of 2nd period - Stopped by Carter Hart with a rebound.
3:02 of 2nd period - Slapshot by Tyson Barrie.
3:02 of 2nd period - Stopped by Carter Hart with a rebound.
3:08 of 2nd period - Wrist shot by John-Jason Peterka.
3:08 of 2nd period - Shot Misses the Net.
3:48 of 2nd period - Mats Zuccarello is hit by Pavel Zacha and loses puck.
4:11 of 2nd period - Icing by Erik Haula.
4:12 of 2nd period - Charlie Coyle wins face-off versus Joe Veleno in Arizona Coyotes zone.
4:39 of 2nd period - Slapshot by James van Riemsdyk.
4:39 of 2nd period - Shot Misses the Net.
4:41 of 2nd period - Snap shot by James van Riemsdyk.
4:41 of 2nd period - Stopped by Pyotr Kochetkov with a rebound.
4:43 of 2nd period - Snap shot by James van Riemsdyk.
4:43 of 2nd period - Goal by James van Riemsdyk - Arizona Coyotes : 2 - Boston Bruins : 2.
4:44 of 2nd period - Claude Giroux wins face-off versus Pavel Zacha in neutral zone.
5:36 of 2nd period - Samuel Girard is hit by Ondrej Palat and loses puck.
6:34 of 2nd period - Wrist shot by Mason McTavish.
6:34 of 2nd period - Stopped by Pyotr Kochetkov with a rebound.
6:40 of 2nd period - James van Riemsdyk is hit by Austin Wagner and loses puck.
7:11 of 2nd period - Radko Gudas is hit by Mathieu Olivier and loses puck.
7:24 of 2nd period - Wrist shot by Matt Grzelcyk.
7:24 of 2nd period - Shot Blocked by Radko Gudas.
7:26 of 2nd period - Slapshot by Matt Grzelcyk.
7:26 of 2nd period - Shot Blocked by Radko Gudas.
7:28 of 2nd period - Slapshot by Victor Mete.
7:28 of 2nd period - Deflect By Mathieu Olivier.
7:28 of 2nd period - Stopped by Carter Hart with a rebound.
7:30 of 2nd period - Backhand shot by Victor Mete.
7:30 of 2nd period - Shot Misses the Net.
7:40 of 2nd period - Wrist shot by Mathieu Olivier.
7:40 of 2nd period - Goal by Mathieu Olivier - Arizona Coyotes : 2 - Boston Bruins : 3.
7:41 of 2nd period - Claude Giroux wins face-off versus Ryan Donato in neutral zone.
7:50 of 2nd period - Wrist shot by Ryan Donato.
7:50 of 2nd period - Stopped by Carter Hart with a rebound.
8:06 of 2nd period - Charlie Coyle is hit by Charlie McAvoy and loses puck.
8:13 of 2nd period - Pavel Zacha is hit by T.J. Oshie.
8:18 of 2nd period - Minor Penalty to Tyson Barrie for Cross-checking.
8:19 of 2nd period - Brandon Hagel wins face-off versus Claude Giroux in Boston Bruins zone.
8:29 of 2nd period - Anthony Beauvillier is hit by Mats Zuccarello and loses puck.
8:40 of 2nd period - Wrist shot by Pavel Zacha.
8:40 of 2nd period - Stopped by Carter Hart with a rebound.
8:42 of 2nd period - Slapshot by Sean Durzi.
8:42 of 2nd period - Shot Blocked by Dmitry Orlov.
8:44 of 2nd period - Slapshot by Charlie McAvoy.
8:44 of 2nd period - Stopped by Carter Hart with a rebound.
8:57 of 2nd period - Icing by Tyler Seguin.
8:58 of 2nd period - Charlie Coyle wins face-off versus Phil Kessel in Arizona Coyotes zone.
8:58 of 2nd period - Charlie Coyle is hit by Anthony Beauvillier.
9:14 of 2nd period - Wrist shot by Charlie Coyle.
9:14 of 2nd period - Shot Misses the Net.
10:18 of 2nd period - Penalty to Tyson Barrie is over, Tyson Barrie is back on ice.
10:23 of 2nd period - T.J. Oshie is hit by Tyson Barrie and loses puck.
10:44 of 2nd period - Wrist shot by Joel Farabee.
10:44 of 2nd period - Stopped by Carter Hart with a rebound.
10:46 of 2nd period - Slapshot by Tyson Barrie.
10:46 of 2nd period - Shot Misses the Net.
11:00 of 2nd period - Slapshot by Jared Spurgeon.
11:00 of 2nd period - Deflect By T.J. Oshie.
11:00 of 2nd period - Stopped by Pyotr Kochetkov without a rebound.
11:01 of 2nd period - Mason McTavish wins face-off versus Pavel Zacha in Boston Bruins zone.
11:04 of 2nd period - Snap shot by Ondrej Palat.
11:04 of 2nd period - Shot Misses the Net.
11:06 of 2nd period - Minor Penalty to Sean Durzi for Holding.
11:07 of 2nd period - Claude Giroux wins face-off versus Phil Kessel in Boston Bruins zone.
12:49 of 2nd period - Samuel Girard is hit by Brayden McNabb and loses puck.
13:00 of 2nd period - Jared Spurgeon is hit by Brandon Hagel and loses puck.
13:06 of 2nd period - Penalty to Sean Durzi is over, Sean Durzi is back on ice.
13:21 of 2nd period - Sean Durzi is hit by Logan Shaw and loses puck.
13:43 of 2nd period - Slapshot by Nicholas Merkley.
13:43 of 2nd period - Stopped by Carter Hart with a rebound.
14:07 of 2nd period - Slapshot by Dylan Gambrell.
14:07 of 2nd period - Stopped by Carter Hart without a rebound.
14:08 of 2nd period - Ryan Donato wins face-off versus Mason McTavish in Arizona Coyotes zone.
14:27 of 2nd period - Minor Penalty to Ondrej Palat for Hooking.
14:28 of 2nd period - Ryan Donato wins face-off versus Brock McGinn in Arizona Coyotes zone.
14:29 of 2nd period - Snap shot by Joel Farabee.
14:29 of 2nd period - Shot Misses the Net.
14:31 of 2nd period - Slapshot by Tyson Barrie.
14:31 of 2nd period - Stopped by Carter Hart with a rebound.
14:33 of 2nd period - Slapshot by Tyson Barrie.
14:33 of 2nd period - Deflect By Ryan Donato.
14:33 of 2nd period - Shot Misses the Net.
14:33 of 2nd period - Puck is out of play.
14:34 of 2nd period - Ryan Donato wins face-off versus Brock McGinn in Arizona Coyotes zone.
14:41 of 2nd period - Snap shot by Anthony Beauvillier.
14:41 of 2nd period - Stopped by Carter Hart without a rebound.
14:42 of 2nd period - Pavel Zacha wins face-off versus Brock McGinn in Arizona Coyotes zone.
15:01 of 2nd period - Snap shot by Tyler Seguin.
15:01 of 2nd period - Shot Blocked by Charlie McAvoy.
15:07 of 2nd period - Tyler Seguin is hit by Charlie McAvoy and loses puck.
16:27 of 2nd period - Penalty to Ondrej Palat is over, Ondrej Palat is back on ice.
16:31 of 2nd period - Icing by Charlie Coyle.
16:32 of 2nd period - John-Jason Peterka wins face-off versus Tyler Seguin in Arizona Coyotes zone.
18:16 of 2nd period - Sean Durzi is hit by Mason McTavish and loses puck.
18:28 of 2nd period - Off-side.
18:29 of 2nd period - Pavel Zacha wins face-off versus Charlie Coyle in neutral zone.
19:04 of 2nd period - Wrist shot by John-Jason Peterka.
19:04 of 2nd period - Shot Blocked by Radko Gudas.
19:16 of 2nd period - Mats Zuccarello is hit by Ryan Donato and loses puck.
19:35 of 2nd period - Dylan Gambrell is hit by Ondrej Palat and loses puck.
Goals for this period are 2 for Arizona Coyotes vs 1 for Boston Bruins.
Shots for this period are 7 for Arizona Coyotes vs 15 for Boston Bruins.
3rd period
0:01 of 3rd period - Claude Giroux wins face-off versus Ryan Donato in neutral zone.
0:26 of 3rd period - Mats Zuccarello is hit by Joe Veleno and loses puck.
0:42 of 3rd period - Wrist shot by Mats Zuccarello.
0:42 of 3rd period - Shot Blocked by Tyson Barrie.
0:44 of 3rd period - Slapshot by Jani Hakanpaa.
0:44 of 3rd period - Shot Blocked by Charlie McAvoy.
0:58 of 3rd period - Wrist shot by Claude Giroux.
0:58 of 3rd period - Goal by Claude Giroux - Arizona Coyotes : 3 - Boston Bruins : 3.
0:59 of 3rd period - Pavel Zacha wins face-off versus Charlie Coyle in neutral zone.
1:02 of 3rd period - Wrist shot by Brandon Hagel.
1:02 of 3rd period - Shot Misses the Net.
1:04 of 3rd period - Snap shot by Brandon Hagel.
1:04 of 3rd period - Shot Misses the Net.
1:12 of 3rd period - Erik Haula is hit by Sean Durzi and loses puck.
1:27 of 3rd period - Wrist shot by Anthony Beauvillier.
1:27 of 3rd period - Stopped by Carter Hart without a rebound.
1:28 of 3rd period - Ryan Donato wins face-off versus Mason McTavish in Arizona Coyotes zone.
1:53 of 3rd period - Phil Kessel is hit by Jani Hakanpaa and loses puck.
2:02 of 3rd period - Slapshot by Samuel Girard.
2:02 of 3rd period - Shot Misses the Net.
2:51 of 3rd period - James van Riemsdyk is hit by Sean Durzi and loses puck.
3:16 of 3rd period - Snap shot by Tyler Seguin.
3:16 of 3rd period - Stopped by Pyotr Kochetkov with a rebound.
4:00 of 3rd period - Slapshot by Erik Haula.
4:00 of 3rd period - Shot Blocked by Charlie McAvoy.
4:02 of 3rd period - Slapshot by Dmitry Orlov.
4:02 of 3rd period - Stopped by Pyotr Kochetkov with a rebound.
4:04 of 3rd period - Snap shot by Erik Haula.
4:04 of 3rd period - Goal by Erik Haula - Arizona Coyotes : 4 - Boston Bruins : 3.
4:05 of 3rd period - Tyler Seguin wins face-off versus Ryan Donato in neutral zone.
4:53 of 3rd period - Snap shot by Pavel Zacha.
4:53 of 3rd period - Stopped by Carter Hart with a rebound.
5:52 of 3rd period - Snap shot by John-Jason Peterka.
5:52 of 3rd period - Stopped by Carter Hart with a rebound.
5:54 of 3rd period - Snap shot by Joe Veleno.
5:54 of 3rd period - Stopped by Carter Hart with a rebound.
5:56 of 3rd period - Slapshot by Joe Veleno.
5:56 of 3rd period - Stopped by Carter Hart without a rebound.
5:57 of 3rd period - Pavel Zacha wins face-off versus Claude Giroux in Arizona Coyotes zone.
6:22 of 3rd period - T.J. Oshie is hit by Charlie McAvoy and loses puck.
6:53 of 3rd period - Snap shot by James van Riemsdyk.
6:53 of 3rd period - Stopped by Pyotr Kochetkov with a rebound.
7:27 of 3rd period - Slapshot by Mats Zuccarello.
7:27 of 3rd period - Stopped by Pyotr Kochetkov without a rebound.
7:28 of 3rd period - Ryan Donato wins face-off versus Claude Giroux in Boston Bruins zone.
7:49 of 3rd period - Wrist shot by Mats Zuccarello.
7:49 of 3rd period - Deflect By Claude Giroux.
7:49 of 3rd period - Stopped by Pyotr Kochetkov without a rebound.
7:50 of 3rd period - Phil Kessel wins face-off versus Charlie Coyle in Boston Bruins zone.
9:16 of 3rd period - Snap shot by T.J. Oshie.
9:16 of 3rd period - Stopped by Pyotr Kochetkov with a rebound.
9:18 of 3rd period - Wrist shot by Charlie Coyle.
9:18 of 3rd period - Shot Misses the Net.
9:20 of 3rd period - Slapshot by Jared Spurgeon.
9:20 of 3rd period - Deflect By Samuel Girard.
9:20 of 3rd period - Stopped by Pyotr Kochetkov without a rebound.
9:21 of 3rd period - Claude Giroux wins face-off versus Pavel Zacha in Boston Bruins zone.
9:38 of 3rd period - Slapshot by Dmitry Orlov.
9:38 of 3rd period - Deflect By Mats Zuccarello.
9:38 of 3rd period - Stopped by Pyotr Kochetkov without a rebound.
9:39 of 3rd period - Charlie Coyle wins face-off versus Ryan Donato in Boston Bruins zone.
9:52 of 3rd period - Snap shot by T.J. Oshie.
9:52 of 3rd period - Shot Blocked by Joel Farabee.
10:04 of 3rd period - Samuel Girard is hit by Dmitry Orlov and loses puck.
10:58 of 3rd period - Victor Mete is hit by Brayden McNabb.
11:10 of 3rd period - Icing by Dylan Gambrell.
11:11 of 3rd period - Austin Wagner wins face-off versus Charlie Coyle in Boston Bruins zone.
11:11 of 3rd period - Austin Wagner is hit by T.J. Oshie.
11:41 of 3rd period - Snap shot by Brandon Hagel.
11:41 of 3rd period - Shot Misses the Net.
11:43 of 3rd period - Snap shot by Victor Mete.
11:43 of 3rd period - Stopped by Carter Hart with a rebound.
11:45 of 3rd period - Snap shot by Pavel Zacha.
11:45 of 3rd period - Goal by Pavel Zacha - Arizona Coyotes : 4 - Boston Bruins : 4.
11:46 of 3rd period - Claude Giroux wins face-off versus Pavel Zacha in neutral zone.
12:17 of 3rd period - Icing by Jared Spurgeon.
12:18 of 3rd period - Charlie Coyle wins face-off versus Ryan Donato in Arizona Coyotes zone.
12:35 of 3rd period - Wrist shot by T.J. Oshie.
12:35 of 3rd period - Stopped by Pyotr Kochetkov without a rebound.
12:36 of 3rd period - Claude Giroux wins face-off versus Pavel Zacha in Boston Bruins zone.
13:05 of 3rd period - Icing by Charlie Coyle.
13:06 of 3rd period - Ryan Donato wins face-off versus Charlie Coyle in Arizona Coyotes zone.
13:29 of 3rd period - Slapshot by Erik Haula.
13:29 of 3rd period - Goal by Erik Haula - Arizona Coyotes : 5 - Boston Bruins : 4.
13:30 of 3rd period - Mats Zuccarello wins face-off versus Pavel Zacha in neutral zone.
14:51 of 3rd period - Snap shot by Claude Giroux.
14:51 of 3rd period - Stopped by Pyotr Kochetkov with a rebound.
14:53 of 3rd period - Snap shot by Mats Zuccarello.
14:53 of 3rd period - Stopped by Pyotr Kochetkov with a rebound.
15:28 of 3rd period - Snap shot by Anthony Beauvillier.
15:28 of 3rd period - Shot Misses the Net.
15:47 of 3rd period - Snap shot by Ondrej Palat.
15:47 of 3rd period - Stopped by Pyotr Kochetkov with a rebound.
15:49 of 3rd period - Snap shot by Mason McTavish.
15:49 of 3rd period - Deflect By James van Riemsdyk.
15:49 of 3rd period - Stopped by Pyotr Kochetkov without a rebound.
15:50 of 3rd period - Pavel Zacha wins face-off versus Claude Giroux in Boston Bruins zone.
15:52 of 3rd period - Minor Penalty to Brandon Hagel for Slashing.
15:53 of 3rd period - Claude Giroux wins face-off versus Joe Veleno in Boston Bruins zone.
15:59 of 3rd period - Slapshot by Claude Giroux.
15:59 of 3rd period - Stopped by Pyotr Kochetkov without a rebound.
16:00 of 3rd period - Joe Veleno wins face-off versus Claude Giroux in Boston Bruins zone.
16:23 of 3rd period - Slapshot by Jared Spurgeon.
16:23 of 3rd period - Shot Blocked by Pavel Zacha.
16:25 of 3rd period - Wrist shot by Mats Zuccarello.
16:25 of 3rd period - Stopped by Pyotr Kochetkov with a rebound.
16:27 of 3rd period - Wrist shot by Mats Zuccarello.
16:27 of 3rd period - Shot Misses the Net.
16:29 of 3rd period - Snap shot by Mats Zuccarello.
16:29 of 3rd period - Stopped by Pyotr Kochetkov without a rebound.
16:30 of 3rd period - Phil Kessel wins face-off versus Charlie Coyle in Boston Bruins zone.
17:20 of 3rd period - Pavel Zacha is hit by T.J. Oshie and loses puck.
17:52 of 3rd period - Penalty to Brandon Hagel is over, Brandon Hagel is back on ice.
18:05 of 3rd period - Ryan Donato is hit by Mason McTavish and loses puck.
18:36 of 3rd period - Snap shot by Brock McGinn.
18:36 of 3rd period - Shot Blocked by Victor Mete.
18:38 of 3rd period - Wrist shot by Logan Shaw.
18:38 of 3rd period - Stopped by Pyotr Kochetkov with a rebound.
19:03 of 3rd period - Double Minor Penalty to Mathieu Olivier for Roughing.
19:04 of 3rd period - Anthony Beauvillier wins face-off versus Charlie Coyle in Boston Bruins zone.
19:41 of 3rd period - Wrist shot by Claude Giroux.
19:41 of 3rd period - Shot Misses the Net.
19:43 of 3rd period - Wrist shot by Mats Zuccarello.
19:43 of 3rd period - Shot Blocked by Tyson Barrie.
Goals for this period are 3 for Arizona Coyotes vs 1 for Boston Bruins.
Shots for this period are 20 for Arizona Coyotes vs 7 for Boston Bruins.
Back to the Top